 Dungeon Crawl Stone Soup version 0.25-a0-1136-gc1285e62ab (webtiles) character file.

Game seed: 8275575184393519849, levelgen mode: deterministic

101 joppa the Insei (level 4, -1/28 HPs)
             Began as an Octopode Transmuter on May 23, 2020.
             Slain by an orc (4 damage)
             ... on level 5 of the Dungeon.
             The game lasted 00:05:18 (2566 turns).

joppa the Insei (Octopode Transmuter)               Turns: 2566, Time: 00:05:19

Health: -1/28      AC:  1    Str: 10    XL:     4   Next: 75%
Magic:  1/7        EV: 13    Int: 15    God:
Gold:   109        SH:  0    Dex: 12    Spells: 1/7 levels left

rFire    . . .     SeeInvis .     - Unarmed
rCold    . . .     Gourm    .   (no shield)
rNeg     . . .     Faith    .   (helmet restricted)
rPois    .         Spirit   .   (no amulet)
rElec    .         Reflect  .   (no ring)
rCorr    .         Harm     .   (no ring)
MR       .....                  (no ring)
Stlth    ++........             (no ring)
HPRegen  0.09/turn              (no ring)
MPRegen  0.10/turn              (no ring)
                                (no ring)
                                (no ring)

@: very slightly contaminated
A: almost no armour, stealthy swim, amphibious, 8 rings, constrict 8, camouflage
1, gelatinous body 1
a: no special abilities


You were on level 5 of the Dungeon.
You were not hungry.

You visited 1 branch of the dungeon, and saw 6 of its levels.

You collected 109 gold pieces.

Inventory:

Missiles
 a - 39 arrows
Scrolls
 b - 3 scrolls of teleportation {unknown}
 d - a scroll of magic mapping {unknown}
 e - a scroll of fog {unknown}
 i - 2 scrolls of identify {unknown}
 j - a scroll of blinking {unknown}
 k - a scroll of amnesia {unknown}
 n - a scroll of remove curse {unknown}
Potions
 f - a potion of resistance {unknown}
 g - a potion of brilliance {unknown}
 h - 2 potions of stabbing {unknown}
 m - 2 potions of degeneration {unknown}
 o - a potion of lignification {unknown}
Comestibles
 c - 5 rations


   Skills:
 + Level 1.0 Fighting
 - Level 2.0 Dodging
 - Level 4.1 Unarmed Combat
 - Level 2.0 Spellcasting
 - Level 3.6 Transmutations
 - Level 1.0 Poison Magic


You had one spell level left.
You knew the following spells:

 Your Spells              Type           Power        Failure   Level  Hunger
a - Beastly Appendage     Tmut           ##....       4%          1    #......
b - Sticks to Snakes      Tmut           ##......     8%          2    ###....
c - Spider Form           Tmut/Pois      #.........   26%         3    ###....

Your spell library contained the following spells:

 Spells                   Type           Power        Failure   Level  Hunger
 Ice Form                 Ice/Tmut       #.......     71%         4    #####..
 Blade Hands              Tmut           ##........   80%         5    ######.


Dungeon Overview and Level Annotations

Branches:
Dungeon (6/15)
 Temple: D:4-7

Altars:


Innate Abilities, Weirdness & Mutations

You cannot wear most types of armour.
You are very stealthy in the water. (Stealth+)
You are amphibious.
You can wear up to eight rings at the same time.
You can use your tentacles to constrict eight enemies at once.
Your skin changes colour to match your surroundings (Stealth+).
Your rubbery body absorbs attacks. (AC +1, EV +1)


Message History

Casting: Spider Form (quite dangerous; 26% risk of failure)
Confirm with . or Enter, or press ? or * to list all spells.
The spell is quite dangerous to cast (26% risk of failure)!
Continue anyway?
You miscast Spider Form.
You are very lightly contaminated with residual magic.
Nothing appears to happen.
The orc closely misses you.
Casting: Spider Form (quite dangerous; 26% risk of failure)
Confirm with . or Enter, or press ? or * to list all spells.
You create a snake!
You now have 39 arrows.
The orc hits you.
* * * LOW HITPOINT WARNING * * *
Unknown command.
You swap places.
Your ball python bites the orc but does no damage.
Your ball python closely misses the orc.
Your ball python closely misses the orc.
Your ball python barely misses the orc.
Your ball python closely misses the orc.
Your ball python grabs the orc.
Your ball python constricts the orc.
The orc hits you.
You die...

####### #
##.....##.$
##..........
#.............
#.............
#..o@.........
#..S..........
#.............
#.............
##>...........
#####[....##..
#....<..####.#
#..............
#.......####.##


You could see an orc and a friendly ball python.

Vanquished Creatures
  An orc wizard (D:4)
  2 dart slugs
  2 leopard geckos
  3 orcs
  3 giant cockroaches
  11 hobgoblins
  5 jackals (D:2)
  4 bats
  5 frilled lizards
  10 goblins
  9 kobolds
  6 rats
  A plant (D:1)
62 creatures vanquished.

Notes
Turn   | Place    | Note
-------+----------+-------------------------------------------
     0 | D:1      | joppa the Octopode Transmuter began the quest for the Orb.
     0 | D:1      | Reached XP level 1. HP: 13/13 MP: 3/3
   302 | D:1      | Reached XP level 2. HP: 9/18 MP: 3/5
   774 | D:1      | Reached XP level 3. HP: 22/23 MP: 6/6
   827 | D:1      | Learned a level 2 spell: Sticks to Snakes
   831 | D:1      | Learned a level 3 spell: Spider Form
  1639 | D:2      | Reached skill level 1 in Poison Magic
  1762 | D:2      | Reached XP level 4. HP: 28/28 MP: 5/7
  2239 | D:3      | Identified the +8 whip of the Extremely Mad {distort, rN++
                  | MR+ Str-2}
  2239 | D:3      | Noticed a small abomination
  2240 | D:3      | You fall into a shaft and drop 3 floors!
  2247 | D:5      | Entered Level 5 of the Dungeon
  2254 | D:4      | Reached skill level 4 in Unarmed Combat
  2566 | D:5      | Slain by an orc

Illustrated notes

Levels and vault maps discovered:
D:1:      doesnt_arrival_eight_statues, layout_rooms, lexackson_kobold_supper
D:2:      layout_basic, first_ration, hex_intersection
D:3:      layout_basic, fedhas_altar_1, overflow_temple_1_default, minitemple,
          serial_undead, serial_undead_e, serial_undead_a, serial_undead_f,
          serial_undead_b, serial_undead_b, serial_undead_f, serial_undead_b,
          gammafunk_ghost_abyssal_escape, uniq_ijyb, uniq_natasha
D:4:      layout_basic
D:5:      layout_rooms, uniq_pikel
D:6:      layout_basic

Skill      XL: |  1  2  3  4 |
---------------+-------------+-----
Transmutations | 3 |  3.6
Poison Magic   | 1 |  1.0
Unarmed Combat | 4 |  4.1
Fighting       | |  1.0
Dodging        | |  2.0
Spellcasting   | |  2.0

Action                   |  1- 3 |  4- 6 || total
-------------------------+-------+-------++-------
Melee: Unarmed           |   129 |    39 ||   168
       Constrict         |    31 |     5 ||    36
       Kick              |     6 |       ||     6
       Tentacles         |    23 |       ||    23
       Punch             |     4 |       ||     4
 Cast: Beastly Appendage |     6 |     1 ||     7
       Sticks to Snakes  |     1 |     1 ||     2
       Spider Form       |       |     4 ||     4
 Stab: Sleeping          |     2 |     3 ||     5
  Eat: Chunk             |     3 |     3 ||     6
Armor: Skin              |    10 |     4 ||    14
Dodge: Dodged            |    69 |    39 ||   108

Table legend:
 A = Non-vault XP
 B = Vault XP
 C = Vault XP percentage of total XP
 D = Non-vault monster count
 E = Vault monster count
 F = Vault count percentage of total count
                 A         B        C        D         E       F
            +---------+---------+-------+---------+---------+-------
      Total |     134 |      11 |   7.6 |      53 |       8 |  13.1
            +---------+---------+-------+---------+---------+-------
        D:1 |      44 |      11 |  20.0 |      25 |       8 |  24.2
        D:2 |      44 |       0 |   0.0 |      23 |       0 |   0.0
        D:3 |       3 |       0 |   0.0 |       1 |       0 |   0.0
        D:4 |      35 |       0 |   0.0 |       1 |       0 |   0.0
        D:5 |       8 |       0 |   0.0 |       3 |       0 |   0.0
            +---------+---------+-------+---------+---------+-------
